 Dungeon Crawl Stone Soup version 0.20-a0-1020-g7b9e4fe (webtiles) character file.

103 Duffy the Firebug (level 4, -1/21 HPs)
             Began as a Vine Stalker Fire Elementalist on Apr 19, 2017.
             Slain by an ogre
             ... wielding a +0 giant club
              (22 damage)
             ... on level 4 of the Dungeon.
             The game lasted 00:02:52 (2679 turns).

Duffy the Firebug (Vine Stalker Fire Elementalist)  Turns: 2679, Time: 00:02:52

Health: -1/21      AC:  2    Str: 10    XL:     4   Next: 79%
Magic:  0/9        EV: 12    Int: 16    God:
Gold:   146        SH:  0    Dex: 15    Spells: 0/8 levels left

rFire    . . .     SeeInvis .   (no weapon)
rCold    . . .     Gourm    .   (no shield)
rNeg     . . .     Faith    .   a - +0 robe
rPois    .         Spirit   +   (no helmet)
rElec    .         Reflect  .   (no cloak)
rCorr    .         Harm     .   (no gloves)
MR       .....                  (no boots)
Stlth    ++........             h - amulet of inaccuracy (curse)
Regen    0.5/turn               (no ring)
MPRegen  0.2/turn               (no ring)

@: no status effects
A: fangs 2, regeneration 1, magic shield, antimagic bite, no potion heal 3, rot
immunity
a: no special abilities


You were on level 4 of the Dungeon.
You were not hungry.

You visited 1 branch of the dungeon, and saw 4 of its levels.

You collected 146 gold pieces.

Inventory:

Armour
 a - a +0 robe (worn)
Jewellery
 h - a cursed amulet of inaccuracy (around neck)
Scrolls
 d - a scroll of teleportation
 f - a scroll of recharging
Potions
 e - a potion of heal wounds {unknown}
 g - a potion of lignification {unknown}
 i - a potion of ambrosia
 k - a potion of resistance
 o - a potion of mutation {unknown}
Books
 b - a book of Flames

   Spells                             Type                      Level
   a - Flame Tongue                   Conjuration/Fire             1
   b - Throw Flame                    Conjuration/Fire             2
   c - Conjure Flame                  Conjuration/Fire             3
   d - Inner Flame                    Hexes/Fire                   3
   e - Sticky Flame                   Conjuration/Fire             4
   f - Fireball                       Conjuration/Fire             5
Comestibles
 c - a bread ration
 j - a meat ration
 l - a royal jelly


   Skills:
 - Level 1.5 Dodging
 - Level 2.4 Stealth
 + Level 2.8 Spellcasting
 * Level 2.8 Conjurations
 * Level 4.1 Fire Magic


You couldn't memorise any spells.
You knew the following spells:

 Your Spells              Type           Power        Failure   Level  Hunger
h - Flame Tongue          Conj/Fire      ##...        6%          1    #......
j - Sticky Flame          Conj/Fire      ##......     50%         4    #####..
l - Conjure Flame         Conj/Fire      ##......     14%         3    ###....


Dungeon Overview and Level Annotations

Branches:
Dungeon (4/15)
 Temple: D:4-7

Altars:
Ashenzari
Okawaru


Innate Abilities, Weirdness & Mutations

You have extremely sharp teeth.
Your natural rate of healing is unusually fast.
When hurt, damage is shared between your health and your magic reserves.
Your bite disrupts and absorbs the magic of your enemies.
Potions cannot restore your health.
You are immune to rotting.


Message History

This raw flesh tastes terrible.
Casting: Flame Tongue
Confirm with . or Enter, or press ? or * to list all spells.
Aiming: Flame Tongue
Press: ? - help, Shift-Dir - straight line, f - ogre
Aim: an ogre, wielding a giant club The flame tongue misses the ogre.
Casting: Flame Tongue
Confirm with . or Enter, or press ? or * to list all spells.
You don't have enough magic to cast that spell.
Casting: Flame Tongue
Confirm with . or Enter, or press ? or * to list all spells.
You don't have enough magic to cast that spell.
An adder comes into view.
You see here a royal jelly.
l - a royal jelly The adder hisses angrily.
The ogre hits you with a giant club!!
Ouch! That really hurt!
You die...

....?......
...........
..........
....S...#
###...O.#
##.....#
#...<.##
#..##O.#
#.. #@.# #.
##..# #
#..# ##...
.... #..##
#.. ..#


You could see an ogre and an adder.

Vanquished Creatures
  A gnoll (D:3)
  4 adders (D:2)
  3 worms (D:2)
  2 leopard geckos (D:3)
  5 giant cockroaches
  5 goblins
  7 hobgoblins
  A jackal (D:2)
  4 kobolds
  A quokka (D:2)
  6 bats
  2 frilled lizards (D:2)
  4 rats
45 creatures vanquished.

Notes
Turn   | Place    | Note
-------+----------+-------------------------------------------
     0 | D:1      | Duffy the Vine Stalker Fire Elementalist began the quest for the Orb.
     0 | D:1      | Reached XP level 1. HP: 9/9 MP: 4/4
   270 | D:1      | Reached XP level 2. HP: 13/13 MP: 0/6
   750 | D:2      | Found an iron altar of Okawaru.
  1269 | D:2      | Reached XP level 3. HP: 16/16 MP: 5/7
  1534 | D:2      | Learned a level 3 spell: Conjure Flame
  2009 | D:2      | Gained mutation: Your natural rate of healing is unusually fast. [Vine Stalker growth]
  2009 | D:2      | Reached XP level 4. HP: 1/21 MP: 0/9
  2011 | D:2      | HP: 1/21 [poisoned by an adder]
  2165 | D:2      | Found a shattered altar of Ashenzari.
  2331 | D:2      | Learned a level 4 spell: Sticky Flame
  2549 | D:3      | Reached skill level 4 in Fire Magic
  2673 | D:4      | Noticed an ogre
  2679 | D:4      | Slain by an ogre

Vault maps used:
D:1:      dpeg_arrival_erosion
D:2:      kennysheep_okawaru_gauntlet, evilmike_ruin_ashenzari
D:3:      grunt_temple_overflow_gold_and_silver, bloody_trog, fedhas_altar_2
D:4:      temple_hall

Skill      XL: |  1  2  3  4 |
---------------+-------------+-----
Conjurations   | 2 |  2.8
Fire Magic     | 4 |  4.1
Dodging        | |  1.5
Stealth        | |  2.4
Spellcasting   | |  2.8

Action                   |  1- 3 |  4- 6 || total
-------------------------+-------+-------++-------
Melee: Unarmed           |     3 |       ||     3
       Bite              |     2 |       ||     2
 Cast: Flame Tongue      |    73 |    41 ||   114
  Use: Scroll            |     6 |     3 ||     9
  Eat: Chunk             |     4 |     3 ||     7
Armor: Robe              |     6 |     3 ||     9
Dodge: Dodged            |    27 |    20 ||    47
